 Dungeon Crawl Stone Soup version 0.24.0-123-gd5b16e6ec5 (webtiles) character file.

Game seed: 6613269565437391395, levelgen mode: deterministic

73 Elellon the Chopper (level 4, 0/39 HPs)
             Began as a Hill Orc Fighter on Jan 13, 2020.
             Was an Initiate of Okawaru.
             Killed by nerve-wracking pain
             ... invoked by an orc priest
              (12 damage)
             ... on level 3 of the Dungeon.
             The game lasted 00:02:55 (1622 turns).

Elellon the Chopper (Hill Orc Fighter)              Turns: 1622, Time: 00:02:55

Health: 0/39       AC:  8    Str: 19    XL:     4   Next: 27%
Magic:  4/4        EV:  7    Int:  8    God:    Okawaru [......]
Gold:   89         SH:  9    Dex: 10    Spells: 3/3 levels left

rFire    . . .     SeeInvis .   a - +0 war axe
rCold    . . .     Gourm    .   c - +0 shield
rNeg     . . .     Faith    .   b - +0 scale mail
rPois    .         Spirit   .   p - +0 helmet
rElec    .         Reflect  .   (no cloak)
rCorr    .         Harm     .   (no gloves)
MR       .....                  (no boots)
Stlth    ..........             (no amulet)
HPRegen  0.13/turn              (no ring)
MPRegen  0.09/turn              (no ring)

@: no status effects
A: no striking features
a: Renounce Religion, Convert to Beogh


You were on level 3 of the Dungeon.
You worshipped Okawaru.
Okawaru was noncommittal.
You were not hungry.

You visited 1 branch of the dungeon, and saw 3 of its levels.

You collected 89 gold pieces.

Inventory:

Hand Weapons
 a - a +0 war axe (weapon)
Armour
 b - a +0 scale mail (worn)
 c - a +0 shield (worn)
 p - a +0 helmet (worn)
Jewellery
 l - a +2 ring of strength {unknown}
 v - a cursed ring of attention {unknown}
Scrolls
 e - 2 scrolls of immolation {unknown}
 g - a scroll of identify {unknown}
 h - a scroll of remove curse {unknown}
 m - 2 scrolls of enchant armour {unknown}
 n - a scroll of amnesia {unknown}
 o - a scroll of enchant weapon {unknown}
 r - a scroll of random uselessness {unknown}
 s - a scroll of fear {unknown}
 t - a scroll of teleportation {unknown}
Potions
 d - a potion of might
 i - 2 potions of berserk rage {unknown}
 j - 3 potions of curing {unknown}
 k - a potion of flight {unknown}
 q - a potion of cancellation {unknown}
 u - a potion of agility {unknown}
 x - a potion of brilliance {unknown}
Comestibles
 f - 4 rations
 w - 4 chunks of flesh


   Skills:
 - Level 3.6 Fighting
 + Level 5.9 Axes
 - Level 3.2 Armour
 - Level 3.2 Shields


You had 3 spell levels left.
You didn't know any spells.
Your spell library was empty.

Dungeon Overview and Level Annotations

Branches:
Dungeon (3/15)

Altars:
Okawaru
Xom


Message History

The orc priest shouts, "Surrender to Beogh and we'll let you live!"
You closely miss the orc priest.
The orc priest hits you with a +0 flail.
You are too injured to fight recklessly!
You are too injured to fight recklessly!
You are too injured to fight recklessly!
You closely miss the orc priest.
The orc priest hits you with a +0 flail.
You barely miss the orc. You slash the orc!
You kill the orc!
Okawaru accepts your kill.
You slash the orc priest!
The orc priest is almost dead.
The orc priest hits you with a +0 flail.
You closely miss the orc priest.
The orc priest is almost dead.
The orc priest mumbles some strange prayers to Beogh against you.
Pain shoots through your body!
You die...

..K. ### ..###..
.....## ### #....
... # #...# #)#>#
#.# #.#. ######.#
#.. #......## #o#
##.#######.#####@#
..># #.......#
...## ####.####
#...## #.# .....#
#.# ).#..# #.#
#### ..##.# #.#
#.. ).#..# #.# #.#
.....# #.###.###


You could see an orc priest.

Vanquished Creatures
  3 worms (D:2)
  A dart slug (D:3)
  3 leopard geckos (D:2)
  3 orcs (D:3)
  A ball python (D:1)
  3 bats
  A giant cockroach (D:1)
  9 goblins
  6 hobgoblins
  5 frilled lizards
  9 kobolds
  10 rats
54 creatures vanquished.

Notes
Turn   | Place    | Note
-------+----------+-------------------------------------------
     0 | D:1      | Elellon the Hill Orc Fighter began the quest for the Orb.
     0 | D:1      | Reached XP level 1. HP: 19/19 MP: 1/1
    62 | D:1      | Reached skill level 3 in Axes
   127 | D:1      | Reached XP level 2. HP: 25/26 MP: 2/2
   259 | D:1      | Reached skill level 4 in Axes
   753 | D:2      | Reached XP level 3. HP: 31/31 MP: 3/3
   822 | D:2      | Reached skill level 5 in Axes
  1464 | D:3      | Reached XP level 4. HP: 39/39 MP: 4/4
  1532 | D:3      | Found an iron altar of Okawaru.
  1560 | D:3      | Became a worshipper of Warmaster Okawaru
  1583 | D:3      | Found a shimmering altar of Xom.
  1622 | D:3      | Killed from afar by an orc priest

Levels and vault maps discovered:
D:1:      lemuel_arrival_room, layout_loops_ring, minmay_pentomino_z4
D:2:      layout_rooms
D:3:      layout_loops_ring, okawaru_ov_weapons_minmay, lemuel_doored_altar,
          gammafunk_ghost_nasty_kobolds, first_ration, xom_teletrap_fun

Skill      XL: |  1  2  3 |
---------------+----------+-----
Axes           | 3 4 5 |  5.9
Fighting       | |  3.6
Armour         | |  3.2
Shields        | |  3.2

Action                   |  1- 3 |  4- 6 || total
-------------------------+-------+-------++-------
Melee: War axe           |   130 |    26 ||   156
  Eat: Chunk             |     2 |     1 ||     3
Armor: Scale mail        |    50 |     7 ||    57
Dodge: Dodged            |    31 |     2 ||    33
Block: Shield            |    49 |     6 ||    55
